Map: Abyssal Reef LE

Players

BuCee

  • Race: Terran Terran
  • Spawn Location: 11:00

niceUsername - Winner!

  • Race: Terran Terran
  • Spawn Location: 5:00

Event: WCS Austin 2017

VOD

Have the link to the VOD?

Description

Time

  • Played on: April 28, 2017, 2:47 p.m.
  • Length: 11:27

All games in this series

Show
View Real Time Build Order
Export as new Build Order

BuCee Terran 

Build Orders: Reaper Expand, MMM Bio 

Get SALT Encoding   

  12  0:01  SCV  
  13  0:13  SCV  
  14  0:17  Supply Depot  
  14  0:25  SCV  
  15  0:31  Refinery  
  15  0:39  SCV  
  16  0:45  Barracks  
  16  0:51  SCV  
  17  1:03  SCV  
  18  1:15  SCV  
  19  1:33  Orbital Command  
  19  1:34  Reaper  
  20  1:48  Command Center  
  20  1:59  SCV  
  21  2:03  Factory  
  21  2:09  Marine  
  21  2:15  SCV  
  23  2:18  Supply Depot  
  23  2:24  Refinery  
  23  2:40  SCV  
  23  2:42  Barracks Reactor  
  24  2:49  Starport  
  24  2:51  Hellion  
  26  2:54  SCV  
  27  3:00  Engineering Bay  
  27  3:10  SCV  
  28  3:19  Factory Tech Lab, Marine x2  
  30  3:22  Orbital Command  
  30  3:24  SCV  
  31  3:31  Starport Tech Lab  
  31  3:36  SCV  
  31  3:38  Marine x2  
  34  3:46  Siege Tank  
  36  3:49  SCV x2  
  38  3:56  Raven  
  38  4:01  Marine, SCV x2  
  38  4:02  Marine  
  44  4:07  Supply Depot  
  44  4:13  SCV x2  
  46  4:28  Siege Tank, Marine x2, SCV x2  
  53  4:40  Barracks x2, SCV  
  53  4:42  Supply Depot  
  52  4:57  SCV x2  
  52  4:58  Marine  
  54  5:01  Marine  
  54  5:03  Raven  
  53  5:09  SCV  
  51  5:19  Barracks, SCV  
  51  5:20  Barracks  
  52  5:22  Marine x2, SCV  
  52  5:27  Refinery  
  52  5:28  Refinery  
  55  5:34  SCV  
  55  5:35  Missile Turret  
  56  5:37  Missile Turret  
  56  5:39  Barracks Reactor  
  56  5:40  Barracks Reactor  
  54  5:45  Marine x2  
  54  5:47  SCV x2  
  58  5:51  Supply Depot  
  58  5:52  Supply Depot  
  58  5:56  Siege Tank  
  61  5:59  SCV  
  62  6:10  Barracks Reactor x2  
  62  6:11  Barracks Tech Lab  
  62  6:12  Marine  
  62  6:13  SCV  
  64  6:18  Marine x2  
  64  6:19  Marine x3  
  61  6:33  Marine  
  61  6:36  Marine  
  59  6:48  Marine  
  59  6:49  Marine x4  
  59  6:50  Viking x2  
  66  6:57  Stimpack  
  66  6:58  SCV x2  
  68  7:03  Marine x3  
  68  7:04  Siege Tank  
  74  7:15  Supply Depot x2  
  72  7:28  Marine  
  72  7:29  Marine x2  
  69  7:30  Marine x4  
  69  7:36  Siege Tank  
  76  7:40  Marine  
  76  7:42  SCV  
  74  7:46  Marine x2  
  74  7:50  Combat Shields  
  76  7:52  Medivac  
  78  7:58  Marine x2  
  78  8:02  SCV  
  81  8:06  Marine x2  
  81  8:12  Marine  
  84  8:20  Marine  
  84  8:22  Marine x2  
  87  8:28  SCV  
  87  8:33  Marine x2  
  88  8:47  Marine x2  
  88  8:48  Marine x2  
  92  8:50  SCV  
  92  9:07  Marine  
  92  9:08  Marine x4  
  92  9:15  Marine x2  
  84  9:33  Marine x6  
  79  9:46  Siege Tank  
  79  9:51  SCV x2  
  79  9:52  Marine x2  
  86  10:04  SCV x2  
  86  10:05  Marine x2  
  88  10:23  Marine  
  88  10:27  Marine  
  88  10:28  Marine x5  
  78  10:29  Siege Tank, Marine  
  70  10:35  SCV x2  
  70  10:37  Medivac  
  70  10:41  Marine  
  75  10:45  Marine  
  75  10:47  Medivac  
  54  10:59  Marine  
  54  11:00  SCV  
  54  11:02  Marine x2  
Show
View Real Time Build Order
Export as new Build Order

niceUsername Terran - Winner!

Build Orders: Bio Tank, Banshee Rush 

Get SALT Encoding   

  12  0:00  SCV  
  13  0:12  SCV  
  14  0:17  Supply Depot  
  14  0:24  SCV  
  15  0:33  Refinery  
  15  0:38  SCV  
  16  0:45  Barracks  
  16  0:50  SCV  
  17  1:02  SCV  
  18  1:15  SCV  
  19  1:26  Refinery  
  19  1:27  SCV  
  19  1:31  Marine  
  21  1:34  Supply Depot  
  21  1:42  Orbital Command  
  21  1:46  Factory  
  21  1:50  Marine  
  22  2:01  Supply Depot  
  22  2:08  Marine  
  23  2:11  SCV  
  24  2:23  SCV  
  24  2:25  Marine  
  26  2:30  Starport, Factory Tech Lab  
  26  2:35  SCV  
  27  2:44  Marine  
  27  2:48  SCV  
  29  2:59  Command Center  
  29  3:00  SCV  
  30  3:07  Marine  
  30  3:10  Factory Tech Lab  
  30  3:11  Cloaking Field  
  31  3:17  Banshee  
  34  3:20  SCV  
  34  3:25  Marine  
  36  3:31  Barracks  
  35  3:39  SCV  
  36  3:49  Siege Tank  
  36  3:52  Barracks Tech Lab  
  39  4:07  Supply Depot  
  39  4:17  Viking, SCV  
  39  4:19  Barracks  
  39  4:20  Marine x2  
  39  4:23  Siege Tank  
  47  4:29  SCV  
  47  4:30  SCV  
  49  4:38  Marine, Stimpack  
  49  4:41  Marine, SCV  
  52  4:52  Viking  
  54  5:05  SCV  
  54  5:07  Orbital Command  
  55  5:08  Siege Tank  
  58  5:18  Marine x2  
  57  5:25  Banshee  
  60  5:29  SCV  
  60  5:32  Marine  
  60  5:34  Supply Depot  
  62  5:36  Marine  
  63  5:44  Marine  
  63  5:48  Siege Tank  
  63  5:49  SCV  
  68  5:50  Marine  
  68  5:52  Supply Depot, SCV  
  70  6:01  Marine, SCV  
  72  6:04  SCV  
  72  6:06  Supply Depot  
  72  6:08  Marine  
  74  6:13  SCV  
  74  6:16  SCV  
  73  6:25  SCV  
  72  6:42  Marine x3  
  75  6:50  Siege Tank  
  78  7:02  Viking  
  78  7:03  Marine x3  
  78  7:08  Command Center, SCV  
  84  7:10  Supply Depot, Barracks, SCV  
  84  7:11  Barracks  
  85  7:21  Marine x2  
  85  7:22  Siege Tank  
  86  7:43  Marine x3  
  87  7:54  Siege Tank  
  90  8:01  Marine x2  
  92  8:10  Marine  
  93  8:14  Viking, SCV  
  93  8:19  Supply Depot, Marine x2  
  97  8:26  Siege Tank  
  99  8:28  Marine  
  100  8:37  Marine x2  
  101  8:46  Marine  
  102  8:50  Marine x2  
  102  8:54  Marine  
  102  8:55  Marine, SCV x2  
  106  8:56  Viking, Barracks  
  106  8:57  Barracks  
  106  8:59  Barracks, Siege Tank  
  106  9:01  Starport  
  111  9:04  Marine  
  111  9:07  Barracks  
  111  9:08  Combat Shields, Marine x2  
  98  9:12  Marine x2  
  100  9:22  Marine  
  101  9:26  Marine  
  101  9:30  Marine x3  
  101  9:31  SCV  
  106  9:40  Marine  
  106  9:44  Marine  
  108  9:47  Refinery  
  108  9:48  Marine x3  
  108  9:49  Refinery  
  108  9:50  Barracks Reactor x2, Barracks Tech Lab  
  108  9:51  Orbital Command  
  111  9:53  Marine  
  111  9:54  Supply Depot  
  111  9:57  Marine  
  111  9:59  SCV  
  114  10:01  Engineering Bay, SCV  
  114  10:02  Marine  
  114  10:06  Marine  
  117  10:07  Siege Tank  
  117  10:11  SCV  
  117  10:13  Marine  
  117  10:14  Marine x3  
  120  10:15  Marine  
  120  10:19  Marine  
  120  10:23  Marine  
  91  10:37  SCV x2  
  91  10:38  SCV  
  91  10:41  Marine x9  
  103  10:44  Siege Tank  
  103  10:45  Viking  
  103  10:47  Viking  
  99  10:57  Marine  
  99  10:58  Marine x3  
  99  10:59  Marine x5  
  99  11:03  Marine x2  
Tags
 
Add a new tag
Caveats
  • Supply blocks, unpowered buildings, or Contaminate may cause inaccurate times.
  • Supply counts are checked every 10 seconds.